[Event "FIDE WYCC Girls U16 2023"]
[Site "Montesilvano"]
[Date "2023.11.23"]
[Round "10.25"]
[White "Schebacher, Solene"]
[Black "Seemann, Pola"]
[Result "0-1"]
[ECO "B30"]
[WhiteElo "1859"]
[BlackElo "1685"]
[Annotator "NA RC"]
[PlyCount "100"]
[EventDate "2023.11.13"]
[EventType "swiss"]
[EventCountry "ITA"]
[SourceTitle "playchess.com"]
[Source "ChessBase"]
[SourceQuality "1"]
[TimeControl "40/5400+30:1800+30"]

1. e4 c5 2. Nf3 Nc6 3. Bb5 e6 4. Bxc6 bxc6 5. c3 Ne7 6. O-O Ng6 7. d4 cxd4 8. cxd4 d5 9. Nc3 Be7 10. Re1 O-O 11. Qc2 a5 12. Bd2 c5 13. dxc5 Bxc5 14. exd5 exd5 15. Bg5 f6 16. Be3 Bxe3 17. fxe3 Ne7 18. Rad1 Be6 19. e4 Qb6+ 20. Qf2 Qb7 21. exd5 Bxd5 22. Qc5 Bxf3 23. Rxe7 Qc6 24. Qxc6 Bxc6 25. Rd6 Be8 26. Nd5 Bf7 27. Nc7 Rad8 28. Rxd8 Rxd8 29. Re2 Bxa2 30. b4 Bc4 31. Rc2 Bd3 32. Rd2 axb4 33. Na6 Ra8 34. Nxb4 Be4 35. Rb2 Rc8 36. Kf2 Kf7 37. Ke3 f5 38. Rd2 Ke6 39. Nd3 Rc3 40. Ke2 Rxd3 41. Rxd3 Bxd3+ 42. Kxd3 Ke5 43. Ke3 g5 44. Kf3 h5 45. g3 f4 46. h3 fxg3 47. Kxg3 Ke4 48. Kf2 Kf4 49. Kg2 Ke3 50. Kg3 h4+ 0-1

[Event "FIDE WYCC Girls U16 2023"]
[Site "Montesilvano"]
[Date "2023.11.23"]
[Round "10.26"]
[White "Kosma, Maria"]
[Black "Maton, Emily"]
[Result "0-1"]
[ECO "B45"]
[WhiteElo "1780"]
[BlackElo "1837"]
[Annotator "NA"]
[PlyCount "60"]
[EventDate "2023.11.13"]
[EventType "swiss"]
[EventCountry "ITA"]
[SourceTitle "playchess.com"]
[Source "ChessBase"]
[SourceQuality "1"]
[TimeControl "40/5400+30:1800+30"]

1. e4 c5 2. Nf3 Nc6 3. d4 cxd4 4. Nxd4 Nf6 5. Nc3 e6 6. Ndb5 Bc5 7. Nd6+ Ke7 8. Bf4 e5 9. Nf5+ Kf8 10. Bg5 d6 11. Ne3 Be6 12. Bc4 Bxe3 13. Bxf6 Bxf2+ 14. Kxf2 Qxf6+ 15. Ke1 Bxc4 16. b3 Ba6 17. h4 Nd4 18. b4 Bc4 19. Qd2 Qf4 20. a4 Qxd2+ 21. Kxd2 Ke7 22. Nd1 Be6 23. Rb1 Rac8 24. c3 Nc6 25. Ne3 Rhd8 26. c4 Nd4 27. Kd3 f5 28. Nd5+ Ke8 29. Rbc1 fxe4+ 30. Kxe4 Ne2 0-1

[Event "FIDE WYCC Girls U16 2023"]
[Site "Montesilvano"]
[Date "2023.11.23"]
[Round "10.27"]
[White "Berezovsky, Fiorina"]
[Black "Ogay, Anastassiya"]
[Result "1-0"]
[ECO "A15"]
[WhiteElo "1787"]
[BlackElo "1213"]
[Annotator "NA RC"]
[PlyCount "120"]
[EventDate "2023.11.13"]
[EventType "swiss"]
[EventCountry "ITA"]
[SourceTitle "playchess.com"]
[Source "ChessBase"]
[SourceQuality "1"]
[TimeControl "40/5400+30:1800+30"]

1. d4 e6 2. Nf3 Nf6 3. g3 Be7 4. Bg2 O-O 5. c4 d6 6. O-O Nbd7 7. Nc3 e5 8. d5 a5 9. b3 Nc5 10. Bb2 Nfe4 11. a3 Nxc3 12. Bxc3 Ne4 13. Bb2 f5 14. Nd2 Nxd2 15. Qxd2 f4 16. Be4 Qe8 17. Qd3 Qh5 18. Bf3 Bg4 19. Bxg4 Qxg4 20. Qf3 Qg6 21. Rac1 e4 22. Qg2 f3 23. exf3 exf3 24. Qh3 Rf5 25. Rfe1 Bf6 26. Bxf6 Rxf6 27. Re3 Raf8 28. Rce1 h6 29. Qd7 R6f7 30. Qh3 Rf6 31. Re4 h5 32. Qh4 Qh6 33. Qh3 g5 34. Re6 g4 35. Rxf6 Rxf6 36. Qf1 h4 37. Re8+ Kg7 38. gxh4 Qxh4 39. Qe1 Rf7 40. Qe3 Qf6 41. Kf1 Qa1+ 42. Qe1 Qf6 43. Qxa5 Qf4 44. Qc3+ Qf6 45. Qe1 Qh4 46. Qc3+ Qf6 47. Qe3 Qa1+ 48. Qe1 Qf6 49. b4 Qh4 50. Qe4 Qg5 51. Qd4+ Rf6 52. Re3 Qh5 53. Re6 Qg5 54. Qxf6+ Qxf6 55. Rxf6 Kxf6 56. a4 Ke5 57. a5 Kd4 58. b5 Kc5 59. Ke1 Kxc4 60. a6 Kxd5 1-0

[Event "FIDE WYCC Girls U16 2023"]
[Site "Montesilvano"]
[Date "2023.11.23"]
[Round "10.28"]
[White "Sana Omprakash Kayyar"]
[Black "Grimault, Leane"]
[Result "1-0"]
[ECO "E06"]
[WhiteElo "1562"]
[BlackElo "1814"]
[Annotator "NA RC"]
[PlyCount "91"]
[EventDate "2023.11.13"]
[EventType "swiss"]
[EventCountry "ITA"]
[SourceTitle "playchess.com"]
[Source "ChessBase"]
[SourceQuality "1"]
[TimeControl "40/5400+30:1800+30"]

1. d4 d5 2. c4 e6 3. Nf3 Nf6 4. g3 Be7 5. Bg2 O-O 6. O-O c6 7. Qc2 b6 8. Bf4 Bb7 9. Nbd2 Na6 10. Rac1 c5 11. Rfd1 Rc8 12. Qb1 Qe8 13. Bg5 Ne4 14. Bxe7 Qxe7 15. Ne5 f6 16. Ng4 cxd4 17. Nxe4 dxe4 18. Rxd4 f5 19. Ne3 e5 20. Rd2 Rcd8 21. Rxd8 Qxd8 22. Rd1 Qf6 23. Nd5 Qf7 24. Rd2 Nc5 25. Qd1 f4 26. b4 Ne6 27. gxf4 Nxf4 28. Nxf4 Qxf4 29. e3 Qh4 30. h3 Bc8 31. Kh2 h5 32. Qc2 Rf3 33. Bxf3 exf3 34. Qg6 Bxh3 35. Qg3 Qxg3+ 36. Kxg3 Be6 37. c5 e4 38. Kh4 g6 39. c6 Kf7 40. Kg5 Ke7 41. Rd4 Bf5 42. b5 Ke8 43. c7 Bd7 44. Rxe4+ Kf7 45. Rc4 Bc8 46. Rd4 1-0

[Event "FIDE WYCC Girls U16 2023"]
[Site "Montesilvano"]
[Date "2023.11.23"]
[Round "10.29"]
[White "Ruchinskaya, Valerie"]
[Black "Glover, Sharon"]
[Result "1-0"]
[ECO "D36"]
[WhiteElo "1903"]
[BlackElo "1584"]
[Annotator "NA RC"]
[PlyCount "155"]
[EventDate "2023.11.13"]
[EventType "swiss"]
[EventCountry "ITA"]
[SourceTitle "playchess.com"]
[Source "ChessBase"]
[SourceQuality "1"]
[TimeControl "40/5400+30:1800+30"]

1. d4 d5 2. c4 e6 3. Nc3 Nf6 4. cxd5 exd5 5. Bg5 Be7 6. e3 c6 7. Bd3 O-O 8. Qc2 Nbd7 9. Nge2 h6 10. Bh4 Re8 11. O-O Ne4 12. Bxe7 Qxe7 13. Rae1 Ndf6 14. f3 Nxc3 15. Nxc3 Be6 16. Rd1 c5 17. dxc5 Qxc5 18. Qf2 Rad8 19. Ne2 Bd7 20. Nd4 a6 21. Qd2 Qe7 22. Rfe1 Nh7 23. Rc1 Rc8 24. Rxc8 Bxc8 25. Rc1 Nf8 26. Rc3 Ne6 27. Bb1 Nxd4 28. Qxd4 Be6 29. a3 Rc8 30. Rxc8+ Bxc8 31. Ba2 Be6 32. Kf2 Qc7 33. f4 Qc2+ 34. Kf3 Qe4+ 35. Kg3 Qg6+ 36. Kf2 Qh5 37. h3 Qh4+ 38. Kf1 Qh5 39. Bb3 Qf5 40. Kf2 Qh5 41. Kg3 Qe2 42. f5 Bxf5 43. Bxd5 Qb5 44. Bc4 Qd7 45. Qxd7 Bxd7 46. Kf4 Bc6 47. g3 Kf8 48. Ke5 Ke7 49. b4 Bd7 50. h4 f6+ 51. Kd4 Kd6 52. Bd5 Bc6 53. Bxc6 Kxc6 54. a4 b6 55. h5 Kd6 56. g4 Ke6 57. Ke4 a5 58. b5 Kd6 59. Kf5 Kc5 60. Kg6 Kb4 61. Kxg7 Kxa4 62. Kxh6 Kxb5 63. Kg6 a4 64. h6 a3 65. h7 a2 66. h8=Q a1=Q 67. Qxf6 Qg1 68. Qf4 Ka5 69. g5 b5 70. Kf7 Qh1 71. g6 Qb7+ 72. Kg8 Qc8+ 73. Kh7 Qd7+ 74. g7 b4 75. Qf3 Qe7 76. Qh5+ Ka4 77. Kh8 Qf6 78. e4 1-0

[Event "FIDE WYCC Girls U16 2023"]
[Site "Montesilvano"]
[Date "2023.11.23"]
[Round "10.30"]
[White "Conde Mares, Vanya Briseyda"]
[Black "Bruessow, Nina"]
[Result "1/2-1/2"]
[ECO "B21"]
[WhiteElo "1566"]
[BlackElo "1863"]
[Annotator "NA RC"]
[PlyCount "94"]
[EventDate "2023.11.13"]
[EventType "swiss"]
[EventCountry "ITA"]
[SourceTitle "playchess.com"]
[Source "ChessBase"]
[SourceQuality "1"]
[TimeControl "40/5400+30:1800+30"]

1. e4 c5 2. d4 cxd4 3. c3 dxc3 4. Nxc3 Nc6 5. Nf3 d6 6. Qb3 e6 7. Be2 Be7 8. O-O Nf6 9. Rd1 Qc7 10. Bf4 a6 11. Be3 O-O 12. Bb6 Qb8 13. Rac1 Ne5 14. Na4 Bd7 15. Bc7 Bxa4 16. Qxa4 Qe8 17. Qxe8 Rfxe8 18. Nxe5 dxe5 19. Bxe5 Nxe4 20. Bf3 f5 21. Bxe4 fxe4 22. Re1 Rac8 23. g3 Bc5 24. Kg2 Rf8 25. Rc2 Bb6 26. Rxc8 Rxc8 27. Rxe4 Rc2 28. Rf4 Re2 29. Bc3 e5 30. Rf5 Bd4 31. Kf1 Rc2 32. Bxd4 exd4 33. Rd5 Rxb2 34. Rxd4 Rxa2 35. Rd8+ Kf7 36. Rd7+ Kg6 37. Rxb7 a5 38. Kg2 Ra3 39. Ra7 h5 40. h4 a4 41. Ra5 Kh6 42. Ra6+ g6 43. Ra5 Ra2 44. Ra6 a3 45. Ra5 Ra1 46. Ra6 a2 47. Ra7 Rb1 1/2-1/2

[Event "FIDE WYCC Girls U16 2023"]
[Site "Montesilvano"]
[Date "2023.11.23"]
[Round "10.31"]
[White "Janouskova, Adela"]
[Black "Field, Rowan Soraya"]
[Result "0-1"]
[ECO "B70"]
[WhiteElo "1534"]
[BlackElo "1810"]
[Annotator "NA RC"]
[PlyCount "116"]
[EventDate "2023.11.13"]
[EventType "swiss"]
[EventCountry "ITA"]
[SourceTitle "playchess.com"]
[Source "ChessBase"]
[SourceQuality "1"]
[TimeControl "40/5400+30:1800+30"]

1. e4 c5 2. Nf3 Nc6 3. d4 cxd4 4. Nxd4 Nf6 5. Nc3 d6 6. g3 g6 7. Bg2 Nxd4 8. Qxd4 Bg7 9. O-O O-O 10. Qd3 Nd7 11. Be3 Ne5 12. Qe2 Bg4 13. f3 Be6 14. Nd5 Rc8 15. c3 Nc4 16. Bf2 Bxd5 17. exd5 Qa5 18. f4 Rfe8 19. Rfd1 b5 20. Bd4 Bxd4+ 21. Rxd4 e5 22. dxe6 Rxe6 23. Qf2 Rce8 24. Bf3 Re3 25. Rd5 a6 26. Kg2 h5 27. Rd4 R8e7 28. Rd5 Qd8 29. Rad1 Qe8 30. b3 Rxf3 31. Qxf3 Re2+ 32. Kf1 Re3 33. Qf2 Qe4 34. Kg1 Re2 35. bxc4 Rxf2 36. Kxf2 bxc4 37. R1d2 h4 38. R5d4 Qh1 39. Ke3 Qe1+ 40. Kf3 Qf1+ 41. Ke3 hxg3 42. hxg3 d5 43. Rxd5 Qc1 44. Rd6 Qxc3+ 45. Kf2 a5 46. R6d4 a4 47. Rd8+ Kg7 48. Re2 a3 49. Rdd2 Qf6 50. Rc2 Qd4+ 51. Kg2 Kh6 52. Re1 Kh5 53. Rec1 Kg4 54. Rxc4 Qd2+ 55. Kg1 Qxa2 56. R4c3 Qb2 57. R1c2 a2 58. Rxb2 a1=Q+ 0-1

[Event "FIDE WYCC Girls U16 2023"]
[Site "Montesilvano"]
[Date "2023.11.23"]
[Round "10.32"]
[White "Boaron, Arianna"]
[Black "Ahn, Anastasia"]
[Result "*"]
[ECO "B36"]
[WhiteElo "1516"]
[BlackElo "1795"]
[Annotator "NA RC"]
[PlyCount "43"]
[EventDate "2023.11.13"]
[EventType "swiss"]
[EventCountry "ITA"]
[SourceTitle "playchess.com"]
[Source "ChessBase"]
[SourceQuality "1"]
[TimeControl "40/5400+30:1800+30"]

1. e4 c5 2. Nf3 Nc6 3. d4 cxd4 4. Nxd4 g6 5. c4 Nf6 6. Nc3 Nxd4 7. Qxd4 d6 8. Be3 Bg7 9. Be2 O-O 10. Qd2 a5 11. O-O a4 12. Bh6 Be6 13. Bxg7 Kxg7 14. Qd4 Qa5 15. Nd5 Bxd5 16. exd5 Rfc8 17. Rfe1 Kf8 18. Bd3 Rc7 19. b3 Qa7 20. Qf4 Kg7 21. Bc2 b5 22. h3 *

[Event "FIDE WYCC Girls U16 2023"]
[Site "Montesilvano"]
[Date "2023.11.23"]
[Round "10.33"]
[White "Amulya Guruprasad"]
[Black "Tomcaniova, Lucia"]
[Result "*"]
[ECO "B10"]
[WhiteElo "1466"]
[BlackElo "1715"]
[Annotator "NA RC"]
[PlyCount "54"]
[EventDate "2023.11.13"]
[EventType "swiss"]
[EventCountry "ITA"]
[SourceTitle "playchess.com"]
[Source "ChessBase"]
[SourceQuality "1"]
[TimeControl "40/5400+30:1800+30"]

1. e4 c6 2. Nf3 d5 3. exd5 cxd5 4. Ne5 e6 5. d4 Nc6 6. Bb5 Bd7 7. Bxc6 Bxc6 8. O-O Bd6 9. Bf4 Ne7 10. Nd2 O-O 11. Re1 Rc8 12. c3 b5 13. a3 a5 14. Nd3 Bxf4 15. Nxf4 b4 16. axb4 axb4 17. Nd3 bxc3 18. bxc3 Bb5 19. Nc5 Nc6 20. Rb1 Rb8 21. Nf3 Qc7 22. Ne5 Nxe5 23. Rxe5 Bc4 24. Rxb8 Rxb8 25. Re1 Qa5 26. Qf3 Rb2 27. Qg3 h6 *

[Event "FIDE WYCC Girls U16 2023"]
[Site "Montesilvano"]
[Date "2023.11.23"]
[Round "10.34"]
[White "Momyn, Madina"]
[Black "Helgadottir, Idunn"]
[Result "1-0"]
[ECO "E05"]
[WhiteElo "1315"]
[BlackElo "1678"]
[Annotator "NA"]
[PlyCount "81"]
[EventDate "2023.11.13"]
[EventType "swiss"]
[EventCountry "ITA"]
[SourceTitle "playchess.com"]
[Source "ChessBase"]
[SourceQuality "1"]
[TimeControl "40/5400+30:1800+30"]

1. d4 Nf6 2. g3 e6 3. Bg2 d5 4. Nf3 Nbd7 5. O-O Be7 6. c4 dxc4 7. Qa4 a6 8. Ne5 Nd5 9. Nxd7 b5 10. Qd1 Bxd7 11. e4 Nb6 12. e5 c6 13. Qg4 g6 14. Bh6 Nd5 15. Qh3 Bf8 16. Bxf8 Kxf8 17. Nd2 Kg7 18. a4 Qg5 19. Ne4 Qf5 20. Qh4 h6 21. Nc5 g5 22. Qh5 Ra7 23. Be4 Nf6 24. exf6+ Qxf6 25. Qf3 Qxd4 26. Nxd7 Rxd7 27. Bxc6 Rc7 28. axb5 axb5 29. Bxb5 Qxb2 30. Rab1 Qe5 31. Rfe1 Qd4 32. Re4 Qb6 33. Qc3+ Kh7 34. Rxc4 Ra7 35. Rc6 Qd8 36. Bd3+ f5 37. Rxe6 Rf8 38. Reb6 Rff7 39. Qc6 Qf8 40. Qg6+ Kh8 41. Rb8 1-0

[Event "FIDE WYCC Girls U16 2023"]
[Site "Montesilvano"]
[Date "2023.11.23"]
[Round "10.35"]
[White "Mickunaite, Agne"]
[Black "Rice, Lauren"]
[Result "*"]
[ECO "E38"]
[WhiteElo "1673"]
[BlackElo "1529"]
[Annotator "NA RC"]
[PlyCount "46"]
[EventDate "2023.11.13"]
[EventType "swiss"]
[EventCountry "ITA"]
[SourceTitle "playchess.com"]
[Source "ChessBase"]
[SourceQuality "1"]
[TimeControl "40/5400+30:1800+30"]

1. c4 Nf6 2. Nc3 e6 3. d4 Bb4 4. Qc2 c5 5. Nf3 O-O 6. e3 d5 7. Bd2 cxd4 8. exd4 b6 9. a3 Be7 10. cxd5 Nxd5 11. Bd3 Nf6 12. Bg5 Nd5 13. Bxe7 Qxe7 14. Bxh7+ Kh8 15. Ne5 Nd7 16. Be4 Nxe5 17. dxe5 Ba6 18. Bd3 Bxd3 19. Qxd3 Qg5 20. Qh3+ Kg8 21. Nxd5 exd5 22. Qg3 Qxg3 23. hxg3 Rfe8 *

[Event "FIDE WYCC Girls U16 2023"]
[Site "Montesilvano"]
[Date "2023.11.24"]
[Round "11.1"]
[White "Siekanska, Maria"]
[Black "Tejaswini G"]
[Result "0-1"]
[ECO "E93"]
[WhiteElo "2180"]
[BlackElo "1956"]
[Annotator "RC"]
[PlyCount "94"]
[EventDate "2023.11.13"]
[EventType "swiss"]
[EventCountry "ITA"]
[SourceTitle "playchess.com"]
[Source "ChessBase"]
[SourceQuality "1"]
[TimeControl "40/5400+30:1800+30"]

1. d4 Nf6 2. c4 g6 3. Nc3 Bg7 4. e4 d6 5. Nf3 O-O 6. Be2 e5 7. d5 Nbd7 8. Bg5 h6 9. Bh4 Nc5 10. Nd2 a5 11. f3 Bd7 12. b3 Qe8 13. a3 Nh5 14. Bf2 Nf4 15. Bxc5 dxc5 16. g3 Qe7 17. Qc2 Nh3 18. Bf1 h5 19. Bg2 Bh6 20. Nf1 h4 21. Qe2 Ng5 22. Nd2 Nh7 23. Qf2 Nf6 24. O-O Nh5 25. Rad1 hxg3 26. hxg3 Nxg3 27. Qxg3 Be3+ 28. Rf2 Bf4 29. Nf1 Bxg3 30. Nxg3 Qg5 31. Nce2 a4 32. Rd3 b6 33. f4 exf4 34. Nxf4 axb3 35. Rxb3 Ra4 36. d6 c6 37. Nge2 Rxc4 38. Rg3 Qe5 39. Bf3 Rd4 40. Nxd4 Qxf4 41. Ne2 Qxd6 42. Bh5 Re8 43. Nf4 Rxe4 44. Bxg6 Rxf4 45. Bh7+ Kxh7 46. Rh2+ Qh6 47. Rxh6+ Kxh6 0-1

[Event "FIDE WYCC Girls U16 2023"]
[Site "Montesilvano"]
[Date "2023.11.24"]
[Round "11.2"]
[White "Kayis, Gulcan Sena"]
[Black "Bondar, Daria"]
[Result "1/2-1/2"]
[ECO "D00"]
[WhiteElo "1859"]
[BlackElo "1908"]
[Annotator "NA RC"]
[PlyCount "72"]
[EventDate "2023.11.13"]
[EventType "swiss"]
[EventCountry "ITA"]
[SourceTitle "playchess.com"]
[Source "ChessBase"]
[SourceQuality "1"]
[TimeControl "40/5400+30:1800+30"]

1. Nf3 Nf6 2. d4 g6 3. Nc3 d5 4. Bf4 Bg7 5. Qd2 Bf5 6. Ne5 h5 7. f3 c6 8. e3 Nbd7 9. Bd3 Bxd3 10. Qxd3 Nxe5 11. Bxe5 e6 12. e4 O-O 13. O-O Ne8 14. Bxg7 Nxg7 15. Rae1 Qd6 16. e5 Qe7 17. Nd1 c5 18. c3 c4 19. Qd2 Nf5 20. g4 Ng7 21. Ne3 f5 22. exf6 Qxf6 23. f4 Kh7 24. Kh1 Qh4 25. Qe2 hxg4 26. Qxg4 Qxg4 27. Nxg4 Rf5 28. Re5 Raf8 29. Rxf5 Rxf5 30. Ne3 Rf7 31. Kg1 Nh5 32. Ng2 Kg7 33. Re1 Rf6 34. Rf1 Rf7 35. Re1 Rf6 36. Rf1 Rf7 1/2-1/2

[Event "FIDE WYCC Girls U16 2023"]
[Site "Montesilvano"]
[Date "2023.11.24"]
[Round "11.3"]
[White "Shohradova, Leyla"]
[Black "Schippke, Manon"]
[Result "0-1"]
[ECO "E73"]
[WhiteElo "1782"]
[BlackElo "2110"]
[Annotator "NA RC"]
[PlyCount "82"]
[EventDate "2023.11.13"]
[EventType "swiss"]
[EventCountry "ITA"]
[SourceTitle "playchess.com"]
[Source "ChessBase"]
[SourceQuality "1"]
[TimeControl "40/5400+30:1800+30"]

1. d4 g6 2. c4 Bg7 3. Nc3 Nf6 4. e4 d6 5. Be2 O-O 6. Be3 e5 7. d5 a5 8. g4 Na6 9. g5 Nd7 10. h4 Ndc5 11. Qd2 Nb4 12. Bxc5 dxc5 13. O-O-O f5 14. h5 fxe4 15. a3 Bf5 16. Qe3 Nd3+ 17. Bxd3 exd3 18. f3 c6 19. Nh3 b5 20. hxg6 hxg6 21. Rxd3 Bxd3 22. Qxd3 Rf5 23. Qe4 b4 24. Nd1 bxa3 25. Ne3 cxd5 26. cxd5 Qb6 27. bxa3 Rb8 28. Rh2 Qb3 29. Rc2 Qxa3+ 30. Kd1 Rb4 31. Nc4 Qxf3+ 32. Qxf3 Rxf3 33. d6 Rxh3 34. d7 Rd3+ 35. Rd2 Rxd2+ 36. Kxd2 Rb8 37. Nb6 Rd8 38. Ke3 Kf7 39. Ke4 Ke6 40. Na4 Kd6 41. Nb6 Rxd7 0-1

[Event "FIDE WYCC Girls U16 2023"]
[Site "Montesilvano"]
[Date "2023.11.24"]
[Round "11.4"]
[White "Begic, Klara"]
[Black "Peglau, Charis"]
[Result "0-1"]
[ECO "A90"]
[WhiteElo "1877"]
[BlackElo "2045"]
[Annotator "RC"]
[PlyCount "163"]
[EventDate "2023.11.13"]
[EventType "swiss"]
[EventCountry "ITA"]
[SourceTitle "playchess.com"]
[Source "ChessBase"]
[SourceQuality "1"]
[TimeControl "40/5400+30:1800+30"]

1. Nf3 e6 2. d4 f5 3. g3 Nf6 4. c4 d5 5. Bg2 c6 6. O-O Be7 7. Ne5 O-O 8. cxd5 exd5 9. Qc2 Qb6 10. Rd1 Be6 11. Nc3 Nbd7 12. Na4 Qc7 13. Bf4 Bd6 14. Nd3 Rae8 15. Rac1 Ne4 16. b4 a6 17. Nac5 Ndxc5 18. bxc5 Bxf4 19. gxf4 Bc8 20. Ne5 Qe7 21. Rd3 Qh4 22. e3 Re6 23. f3 Nf6 24. Rb3 Ne8 25. Qf2 Qe7 26. Qg3 Rh6 27. Kf2 Nc7 28. Rg1 Ne6 29. Bf1 Kh8 30. Bd3 Rh5 31. Rbb1 Rf6 32. Ke2 Rfh6 33. Rg2 Rh3 34. Qf2 R6h5 35. Kd2 Qc7 36. Rb6 Nf8 37. Qg1 g6 38. Rb2 Qe7 39. Kc3 Rh6 40. Rg5 Qc7 41. Rbg2 R3h5 42. Rb2 Qa5+ 43. Kb3 Kg7 44. Bf1 Be6 45. Rgg2 Nd7 46. Qf2 Rh3 47. Qd2 Qc7 48. Rf2 R3h4 49. Nxd7 Bxd7 50. Ka4 Bc8 51. Qa5 Qe7 52. Rfe2 R6h5 53. Qb6 Kh6 54. Qa7 Qc7 55. h3 g5 56. fxg5+ Rxg5 57. Re1 Qg3 58. Ree2 Qxf3 59. Qb8 Qxf1 60. Qxc8 Qd1+ 61. Ka5 Qc1 62. Qxb7 Qc3+ 63. Kxa6 Qa3+ 64. Kb6 Rg7 65. Qa6 Qc3 66. Rb3 Qa1 67. Qd3 Qf1 68. Rf2 Qxf2 69. Kxc6 Qf3 70. a4 Re4 71. a5 Re6+ 72. Kb5 Rb7+ 73. Ka4 Rxb3 74. Qxb3 Rxe3 75. Qb2 Qd1+ 76. Kb4 Re8 77. Ka3 Qd3+ 78. Ka4 Qc4+ 79. Qb4 Qa2+ 80. Qa3 Qxa3+ 81. Kxa3 f4 82. c6 0-1

[Event "FIDE WYCC Girls U16 2023"]
[Site "Montesilvano"]
[Date "2023.11.24"]
[Round "11.5"]
[White "Shubhi Gupta"]
[Black "Szczotka, Klara"]
[Result "0-1"]
[ECO "D00"]
[WhiteElo "1940"]
[BlackElo "2020"]
[Annotator "NA RC"]
[PlyCount "76"]
[EventDate "2023.11.13"]
[EventType "swiss"]
[EventCountry "ITA"]
[SourceTitle "playchess.com"]
[Source "ChessBase"]
[SourceQuality "1"]
[TimeControl "40/5400+30:1800+30"]

1. d4 Nf6 2. Nc3 d5 3. Bf4 a6 4. e3 Bf5 5. Bd3 Bxd3 6. cxd3 e6 7. Nge2 Bd6 8. Bxd6 Qxd6 9. e4 Qb6 10. O-O Nc6 11. Na4 Qa7 12. e5 Nd7 13. Rc1 Nxd4 14. Rxc7 Nb5 15. Rc1 Nxe5 16. d4 Nc6 17. Nc5 O-O 18. Qd3 Rfc8 19. Qe3 Nd6 20. Ng3 Nc4 21. Qg5 Nxd4 22. Nd7 h6 23. Qg4 b5 24. Nf6+ Kh8 25. Rcd1 Ne5 26. Qh3 Ng6 27. Kh1 Rc2 28. f4 Ne2 29. Nxe2 Rxe2 30. f5 exf5 31. Nxd5 Qb7 32. Rxf5 Rae8 33. Rff1 Rxb2 34. Rg1 Rxa2 35. Qf5 Rae2 36. Nf6 gxf6 37. Rd7 Qc6 38. Qh3 Kg7 0-1

[Event "FIDE WYCC Girls U16 2023"]
[Site "Montesilvano"]
[Date "2023.11.24"]
[Round "11.6"]
[White "Khuslen, Erdenebayar"]
[Black "Zhou, Shumeng"]
[Result "1/2-1/2"]
[ECO "D35"]
[WhiteElo "1906"]
[BlackElo "1559"]
[Annotator "NA RC"]
[PlyCount "91"]
[EventDate "2023.11.13"]
[EventType "swiss"]
[EventCountry "ITA"]
[SourceTitle "playchess.com"]
[Source "ChessBase"]
[SourceQuality "1"]
[TimeControl "40/5400+30:1800+30"]

1. d4 d5 2. c4 e6 3. Nc3 Nf6 4. cxd5 exd5 5. Bg5 c6 6. e3 h6 7. Bh4 Be7 8. Bd3 Ne4 9. Bg3 Nxg3 10. hxg3 Be6 11. Qc2 Nd7 12. Nge2 Nf6 13. Nf4 Bd7 14. O-O-O Rc8 15. Kb1 b5 16. f3 Qa5 17. Rc1 c5 18. dxc5 Rxc5 19. Qd2 Bd6 20. g4 Bxf4 21. exf4 d4 22. Ne4 Qxd2 23. Nxd2 Rxc1+ 24. Rxc1 Kd8 25. Nb3 Nd5 26. f5 Nf4 27. Bf1 d3 28. g3 Ne2 29. Rd1 Kc7 30. Nc1 Nxg3 31. Nxd3 Re8 32. f4 Nxf1 33. Rxf1 h5 34. Ne5 Bc8 35. Rc1+ Kb8 36. Rc5 a6 37. gxh5 Bxf5+ 38. Kc1 Be6 39. a3 Kb7 40. f5 Bb3 41. f6 Rd8 42. Kb1 gxf6 43. Nc6 Rd1+ 44. Rc1 Ba2+ 45. Kc2 Bb3+ 46. Kb1 1/2-1/2

[Event "FIDE WYCC Girls U16 2023"]
[Site "Montesilvano"]
[Date "2023.11.24"]
[Round "11.7"]
[White "Braeutigam, Katerina"]
[Black "Karimova, Guldona"]
[Result "0-1"]
[ECO "B86"]
[WhiteElo "1904"]
[BlackElo "1835"]
[Annotator "NA RC"]
[PlyCount "149"]
[EventDate "2023.11.13"]
[EventType "swiss"]
[EventCountry "ITA"]
[SourceTitle "playchess.com"]
[Source "ChessBase"]
[SourceQuality "1"]
[TimeControl "40/5400+30:1800+30"]

1. e4 c5 2. Nf3 e6 3. d4 cxd4 4. Nxd4 Nf6 5. Nc3 d6 6. Bc4 a6 7. a3 b5 8. Ba2 Bb7 9. Qe2 Qd7 10. O-O Be7 11. Rd1 Nc6 12. Nxc6 Qxc6 13. f3 O-O 14. Be3 Nd7 15. Rd2 Ne5 16. Rad1 Rfd8 17. Qf2 a5 18. Ne2 Nc4 19. Bxc4 bxc4 20. c3 e5 21. Kh1 Rd7 22. Ng3 g6 23. Nf1 Kg7 24. Qg3 h5 25. h4 Kh7 26. Bg1 f5 27. exf5 gxf5 28. Qh3 Rf8 29. Ne3 Kg6 30. Qg3+ Kh7 31. Qh3 f4 32. Nd5 Bc8 33. Nb6 Rb7 34. Nxc8 Qxc8 35. Qxc8 Rxc8 36. Rc1 Rcb8 37. Rcc2 Kg7 38. Bf2 Kf7 39. Kg1 Ke6 40. Kf1 d5 41. Re2 Rg8 42. Re1 Kf5 43. Rd2 Rd7 44. Red1 Ke6 45. Re1 Bf6 46. a4 Kd6 47. Rb1 Rb8 48. Re1 Kc6 49. Red1 Rg8 50. Re2 Rd6 51. Red2 Rg7 52. Rc2 Re6 53. Re2 e4 54. fxe4 dxe4 55. Bd4 Rd7 56. g3 f3 57. Re3 Bxd4 58. cxd4 Kd5 59. Kf2 Rb7 60. Rd2 Reb6 61. b3 Rxb3 62. Rc2 Rxe3 63. Kxe3 Rb3+ 64. Kf4 Kxd4 65. Rd2+ Rd3 66. Rc2 c3 67. g4 f2 68. Rxf2 Rf3+ 69. Rxf3 exf3 70. Kxf3 hxg4+ 71. Kxg4 c2 72. Kg5 c1=Q+ 73. Kg6 Qc6+ 74. Kg7 Ke5 75. h5 0-1

[Event "FIDE WYCC Girls U16 2023"]
[Site "Montesilvano"]
[Date "2023.11.24"]
[Round "11.8"]
[White "Kheerthi Ganta"]
[Black "Nguyen, Ngoc Hien"]
[Result "1/2-1/2"]
[ECO "A97"]
[WhiteElo "2030"]
[BlackElo "1642"]
[Annotator "NA RC"]
[PlyCount "155"]
[EventDate "2023.11.13"]
[EventType "swiss"]
[EventCountry "ITA"]
[SourceTitle "playchess.com"]
[Source "ChessBase"]
[SourceQuality "1"]
[TimeControl "40/5400+30:1800+30"]

1. d4 e6 2. c4 f5 3. Nf3 Nf6 4. g3 Be7 5. Bg2 O-O 6. O-O d6 7. Nc3 Qe8 8. Re1 Qh5 9. e4 fxe4 10. Nxe4 Nxe4 11. Rxe4 Nc6 12. d5 Nd8 13. dxe6 Nxe6 14. Qe2 Qf7 15. Nd4 Nxd4 16. Rxd4 c6 17. Bf4 Re8 18. Re1 Bf5 19. Be3 Rad8 20. Qd2 Bf6 21. Rxd6 Rxd6 22. Qxd6 Qxc4 23. b3 Qc3 24. Rf1 Qa5 25. Qf4 Bg6 26. a4 Bf7 27. Bd2 Qd8 28. Bc1 Bxb3 29. Be3 Qa5 30. Rb1 Qc3 31. Bf1 g5 32. Qg4 Be6 33. Qh5 Bf7 34. Qg4 Be6 35. Qh5 Re7 36. Rc1 Qe5 37. Bxa7 Bd5 38. Bc5 Qe4 39. f3 Bd4+ 40. Kg2 Qe3 41. Bxd4 Qxc1 42. Qg4 Be6 43. Qh5 Qd2+ 44. Bf2 c5 45. Kg1 c4 46. f4 Qd5 47. Bg2 Qf5 48. Qd1 gxf4 49. Qe1 f3 50. Bf1 Kf7 51. Qc1 Qe4 52. h4 Rc7 53. Qc3 Rd7 54. Qc1 Rc7 55. Qc3 Bd5 56. Bh3 Re7 57. Qh8 Qb1+ 58. Bf1 Qc2 59. Qd4 Qe4 60. Qc3 Re6 61. Bh3 Qb1+ 62. Bf1 Qe4 63. Bh3 Rg6 64. Bf1 Qxh4 65. Qe5 Qg5 66. Qc7+ Qe7 67. Qf4+ Rf6 68. Qh4 Qe4 69. Qh5+ Kg7 70. Qg5+ Rg6 71. Qd8 Qe5 72. Qd7+ Kf6 73. Qd8+ Kf5 74. Qd7+ Kf6 75. Qd8+ Kg7 76. Qd7+ Kh8 77. Qd8+ Kg7 78. Qd7+ 1/2-1/2

[Event "FIDE WYCC Girls U16 2023"]
[Site "Montesilvano"]
[Date "2023.11.24"]
[Round "11.9"]
[White "Hubert, Charlotte"]
[Black "Kaldarova, Ayaulym"]
[Result "0-1"]
[ECO "C02"]
[WhiteElo "1881"]
[BlackElo "2005"]
[Annotator "NA RC"]
[PlyCount "68"]
[EventDate "2023.11.13"]
[EventType "swiss"]
[EventCountry "ITA"]
[SourceTitle "playchess.com"]
[Source "ChessBase"]
[SourceQuality "1"]
[TimeControl "40/5400+30:1800+30"]

1. e4 e6 2. d4 d5 3. e5 c5 4. c3 Nc6 5. Nf3 Bd7 6. Be2 Nge7 7. Na3 cxd4 8. cxd4 Nf5 9. Nc2 Qb6 10. O-O Rc8 11. Rb1 Be7 12. Kh1 Na5 13. g4 Nh4 14. Nxh4 Bxh4 15. f4 Be7 16. f5 Bb5 17. Bd3 Qa6 18. Ne1 Nc6 19. Bxb5 Qxb5 20. Nf3 Nb4 21. Bg5 Qd3 22. Qa4+ Nc6 23. Bxe7 Kxe7 24. fxe6 fxe6 25. b3 Rcf8 26. Qa3+ Ke8 27. Rbd1 Qe4 28. b4 Rf7 29. b5 Nd8 30. Qd3 Rhf8 31. Qxe4 dxe4 32. Nd2 e3 33. Rxf7 Rxf7 34. Ne4 e2 0-1